 Dungeon Crawl Stone Soup version 0.27.1-4-g1640c2035a (webtiles) character file.

Game seed: 3315944657082860393

35859 pkoi the Blocker (level 13, -9/114 HPs)
             Began as a Minotaur Fighter on Nov 2, 2021.
             Was a High Priest of Okawaru.
             Mangled by a polar bear simulacrum (16 damage)
             ... in an ice cave.
             The game lasted 00:26:14 (17653 turns).

pkoi the Blocker (Minotaur Fighter)                Turns: 17653, Time: 00:26:14

Health: -9/114     AC: 25    Str: 32    XL:     13   Next: 49%
Magic:  0/18       EV: 11    Int:  5    God:    Okawaru [*****.]
Gold:   921        SH: 18    Dex: 10    Spells: 12/12 levels left

rFire    . . .     SeeInvis .   a - +1 long sword (freeze)
rCold    . . .     Faith    .   c - +1 kite shield
rNeg     . . .     Spirit   +   O - +2 shadow dragon scales
rPois    .         Reflect  .   t - +0 hat
rElec    .         Harm     .   G - +0 cloak
rCorr    .         Rampage  .   b - +0 pair of gloves
Will     .....                  E - +1 pair of boots {Fly}
Stlth    ++++......             B - amulet of guardian spirit
HPRegen  0.29/turn              j - +6 ring of strength
MPRegen  0.16/turn              m - +4 ring of slaying

@: heroic, flying
A: horns 2, retaliatory headbutt
a: Renounce Religion, Heroism, Finesse


You were in an ice cave.
You worshipped Okawaru.
Okawaru was extremely pleased with you.
You visited 3 branches of the dungeon, and saw 17 of its levels.
You also visited: Ice Cave.

You collected 1446 gold pieces.
You spent 525 gold pieces at shops.

Inventory:

Hand Weapons
 a - a +1 long sword of freezing (weapon)
 L - a +2 dagger of speed
Missiles
 h - 52 poisoned darts (quivered)
 n - 9 curare-tipped darts
 p - 3 throwing nets
Armour
 b - a +0 pair of gloves (worn)
 c - a +1 kite shield (worn)
 t - a +0 hat (worn)
 E - a +1 pair of boots of flying (worn)
 F - +0 swamp dragon scales
 G - a +0 cloak (worn)
 O - +2 shadow dragon scales (worn)
Jewellery
 j - a +6 ring of strength (left hand)
 l - an amulet of reflection
 m - a +4 ring of slaying (right hand)
 B - an amulet of guardian spirit (around neck)
 N - the ring "Fips" {rF+ rCorr}
   (You found it on level 12 of the Dungeon)

   [ring of resist corrosion]

   rF:        It protects you from fire.
   rCorr:     It protects you from acid and corrosion.
Wands
 u - a wand of charming (12)
 C - a wand of flame (63)
 D - a wand of iceblast (13)
 K - a wand of polymorph (8)
 M - a wand of mindburst (12)
Scrolls
 k - 8 scrolls of teleportation
 q - a scroll of silence
 r - 2 scrolls of enchant armour
 v - 6 scrolls of identify
 w - 3 scrolls of fear
 x - 2 scrolls of amnesia
 y - a scroll of holy word
 z - 2 scrolls of magic mapping
 H - a scroll of enchant weapon
 J - a scroll of blinking
Potions
 d - 3 potions of might
 e - a potion of berserk rage
 f - a potion of haste
 g - 3 potions of brilliance
 i - 2 potions of curing
 o - 2 potions of magic
 s - 4 potions of heal wounds
 A - a potion of ambrosia
 I - 3 potions of resistance


   Skills:
 + Level 10.4(15.4) Fighting
 + Level 14.6(19.6) Long Blades
 + Level 10.6(15.6) Armour
 + Level 14.8(19.8) Shields
 + Level 8.0 Invocations
 + Level 5.4 Evocations


You had 12 spell levels left.
You didn't know any spells.
Your spell library contained the following spells:

 Spells                   Type           Power      Damage    Failure   Level
 Foxfire                  Conj/Fire      0%         2x1d4     83%         1
 Magic Dart               Conj           0%         1d3       83%         1
 Call Imp                 Summ           0%         N/A       93%         2
 Corpse Rot               Necr/Air       N/A        N/A       93%         2
 Poisonous Vapours        Pois/Air       0%         N/A       93%         2
 Sublimation of Blood     Necr           0%         N/A       93%         2
 Conjure Flame            Conj/Fire      0%         6-21      99%         3
 Inner Flame              Hex/Fire       0%         N/A       99%         3
 Mephitic Cloud           Conj/Pois/Air  0%         N/A       99%         3
 Leda's Liquefaction      Hex/Erth       0%         N/A       100%        4
 Petrify                  Tmut/Erth      0%         N/A       100%        4
 Bolt of Magma            Conj/Fire/Erth 0%         4d4       100%        5
 Freezing Cloud           Conj/Ice/Air   0%         6-21      100%        5
 Irradiate                Conj/Tmut      0%         3d13      100%        5
 Statue Form              Tmut/Erth      0%         N/A       100%        6
 Malign Gateway           Summ/Tloc      0%         N/A       100%        7
 Summon Horrible Things   Summ           0%         N/A       100%        8


Dungeon Overview and Level Annotations

Branches:
Dungeon (12/15)            Temple (1/1) D:7            Lair (4/6) D:8
  Swamp (0/4) Lair:3       Spider (0/4) Lair:3        IceCv (1/1)
    Orc: D:9-12

Altars:
Ashenzari
Cheibriados
Dithmenos
Elyvilon
Fedhas
Gozag
Hepliaklqana
Kikubaaqudgha
Makhleb
Nemelex Xobeh
Okawaru
Qazlal
Ru
Sif Muna
Trog
Uskayaw
Vehumet
Wu Jian
Xom
Yredelemnul
Zin
The Shining One

Shops:
D:3 ?   D:8 !

Annotations:
Lair:3 1 runed translucent door, IBeShadow's ghost, journeyman TrMo IceCv 1 transporter


Innate Abilities, Weirdness & Mutations

You have a pair of horns on your head.
You reflexively headbutt those who attack you in melee.


Message History

* * * LOW HITPOINT WARNING * * *
The freezing wraith freezes you!
* * * LOW HITPOINT WARNING * * *
The freezing wraith hits you but does no damage.
You slash the freezing wraith!
You destroy the freezing wraith!
Okawaru accepts your kill.
You block the entropy weaver simulacrum's attack.
The entropy weaver simulacrum hits you but does no damage. x2
You block the entropy weaver simulacrum's attack.
The elephant simulacrum tramples you but does no damage.
The elephant simulacrum barely misses you.
Your Invocations skill increases to level 8!
You barely miss the entropy weaver simulacrum.
Your headbutt misses the entropy weaver simulacrum.
Unknown command.
You slash the entropy weaver simulacrum!
The entropy weaver simulacrum is moderately damaged.
The entropy weaver simulacrum hits you.
* * * LOW HITPOINT WARNING * * *
The entropy weaver simulacrum freezes you!
* * * LOW HITPOINT WARNING * * *
The entropy weaver simulacrum hits you but does no damage.
The entropy weaver simulacrum misses you.
The entropy weaver simulacrum hits you but does no damage.
The polar bear simulacrum bites you but does no damage.
You block the polar bear simulacrum's attack.
The polar bear simulacrum barely misses you.
You block the elephant simulacrum's attack. x2
You slash the entropy weaver simulacrum!
You headbutt the entropy weaver simulacrum!
The entropy weaver simulacrum is severely damaged.
You block the entropy weaver simulacrum's attack.
The entropy weaver simulacrum hits you but does no damage.
The entropy weaver simulacrum completely misses you.
The entropy weaver simulacrum closely misses you.
The polar bear simulacrum bites you!
* * * LOW HITPOINT WARNING * * *
The polar bear simulacrum freezes you!
You die...

#...?.©.(...#
##....$($....##
#......[......#
#....8...8....#
#.............#
#...........#
#...........#
#....ZZZ....#
##....@....##
##...∩...##
##.....##
#######


You could see an elephant simulacrum, a polar bear simulacrum and an entropy
weaver simulacrum.

Vanquished Creatures
  A stone giant (D:12)
  2 boulder beetles
  2 hydras
  Harold (D:8)
  An ice dragon (Lair:4)
  A centaur warrior (D:12)
  2 two-headed ogres (D:11)
  Nergalle (Lair:2)
  A flayed ghost (D:12)
  Pikel (D:9)
  A wolf spider (D:12)
  A deep elf pyromancer (D:12)
  A manticore (D:12)
  2 cyclopes
  Maurice (D:8)
  A black mamba (Lair:3)
  A centaur zombie (D:11)
  Joseph (D:8)
  4 elephants (Lair:3)
  Maggie (D:8)
  A gargoyle (D:6)
  A rime drake (shapeshifter) (D:12)
  12 cane toads
  An unseen horror (D:11)
  2 komodo dragons
  A freezing wraith (IceCv)
  2 rime drakes (Lair:4)
  2 hornets
  9 blink frogs (Lair:3)
  A slime creature (D:12)
  A shadow (D:12)
  A tarantella (Lair:3)
  A centaur simulacrum (D:10)
  A steam dragon (D:7)
  41 yaks
  3 vampire mosquitoes (D:12)
  2 acid dragons
  Duvessa (D:6)
  8 water moccasins
  6 orc warriors
  3 sky beasts
  A black bear (Lair:1)
  A hornet zombie (D:7)
  11 ice beasts (Lair:4)
  A boggart (D:12)
  2 necrophages
  6 wolves (Lair:3)
  2 ogres (D:5)
  4 centaurs
  A phantom (D:5)
  2 kobold brigands (D:7)
  10 bullfrogs
  Dowan (D:6)
  A cane toad simulacrum (IceCv)
  2 water moccasin skeletons
  7 wights (D:7)
  3 killer bees (D:11)
  3 electric eels (D:10)
  5 howler monkeys
  A bullfrog zombie (D:6)
  8 hounds
  5 jellies
  2 bullfrog skeletons (D:5)
  2 orc priests
  3 gnoll shamans
  2 centaur skeletons
  4 iguanas
  9 orc wizards
  6 hell rats (Lair:2)
  A killer bee zombie (D:7)
  A howler monkey zombie (D:9)
  Robin (D:3)
  13 gnolls
  4 adders
  A shadow imp (D:8)
  14 white imps
  An adder skeleton (D:4)
  3 dart slugs
  3 worms (D:2)
  24 orcs
  14 bats
  8 endoplasms
  3 giant cockroaches
  10 hobgoblins
  2 jackals (D:1)
  2 quokkas (D:1)
  5 ball pythons
  3 frilled lizards
  11 goblins
  11 kobolds
  2 rats
369 creatures vanquished.

Vanquished Creatures (others)
  12 fungi
  15 plants
27 creatures vanquished.

Grand Total: 396 creatures vanquished

Notes
Turn   | Place    | Note
-------+----------+-------------------------------------------
     0 | D:1      | pkoi the Minotaur Fighter began the quest for the Orb.
     0 | D:1      | Reached XP level 1. HP: 19/19 MP: 0/0
   186 | D:1      | Reached XP level 2. HP: 26/26 MP: 1/1
   497 | D:1      | Reached XP level 3. HP: 31/31 MP: 2/2
  1353 | D:2      | Reached XP level 4. HP: 29/39 MP: 3/3
  1844 | D:2      | Reached skill level 5 in Shields
  1999 | D:3      | Noticed Robin
  2097 | D:3      | Killed Robin
  2160 | D:3      | Found an iron altar of Okawaru.
  2219 | D:3      | Became a worshipper of Warmaster Okawaru
  2232 | D:3      | Found Olyet's Magic Scroll Emporium.
  2239 | D:3      | Identified a scroll of acquirement
  2239 | D:3      | Acquired 637 gold pieces
  2249 | D:3      | Reached XP level 5. HP: 45/45 MP: 4/4
  2375 | D:3      | Reached skill level 1 in Invocations
  2398 | D:3      | Found a faded altar of an unknown god.
  2582 | D:4      | Reached skill level 5 in Long Blades
  2584 | D:4      | Found a stormy altar of Qazlal.
  2747 | D:4      | Reached XP level 6. HP: 51/51 MP: 6/6
  3653 | D:5      | Entered Level 5 of the Dungeon
  3798 | D:5      | Reached * piety under Okawaru
  3799 | D:5      | Reached XP level 7. HP: 57/57 MP: 8/8
  4347 | D:5      | Found a broken altar of Ashenzari.
  4504 | D:6      | Reached ** piety under Okawaru
  4505 | D:6      | Reached XP level 8. HP: 56/64 MP: 10/10
  4668 | D:6      | Noticed Dowan
  4669 | D:6      | Noticed Duvessa
  4816 | D:6      | Killed Duvessa
  4839 | D:6      | Killed Dowan
  4944 | D:6      | Reached skill level 5 in Invocations
  5223 | D:6      | Found a white marble altar of Elyvilon.
  5307 | D:6      | Noticed a gargoyle
  5313 | D:6      | Killed a gargoyle
  5313 | D:6      | Reached *** piety under Okawaru
  5537 | D:6      | Found a basalt altar of Yredelemnul.
  5574 | D:7      | Reached XP level 9. HP: 70/70 MP: 11/11
  5728 | D:7      | Reached skill level 10 in Shields
  6192 | D:7      | Found a staircase to the Ecumenical Temple.
  6202 | D:7      | Reached skill level 10 in Long Blades
  6441 | D:7      | Reached **** piety under Okawaru
  6922 | D:8      | Found Luing's Distillery.
  6930 | D:8      | Bought a potion of degeneration for 12 gold pieces
  6934 | D:8      | Bought a potion of berserk rage for 60 gold pieces
  6934 | D:8      | Bought a potion of haste for 120 gold pieces
  6934 | D:8      | Bought a potion of brilliance for 48 gold pieces
  7031 | D:3      | Bought a scroll of silence for 75 gold pieces
  7031 | D:3      | Bought a scroll of fear for 35 gold pieces
  7031 | D:3      | Bought a scroll of amnesia for 35 gold pieces
  7031 | D:3      | Bought a scroll of holy word for 75 gold pieces
  7031 | D:3      | Bought a scroll of immolation for 35 gold pieces
  7031 | D:3      | Bought a scroll of teleportation for 30 gold pieces
  7240 | D:8      | Noticed Harold
  7252 | D:8      | Killed Harold
  7252 | D:8      | Reached ***** piety under Okawaru
  7253 | D:8      | Reached XP level 10. HP: 46/77 MP: 9/12
  7835 | D:8      | Noticed Joseph
  7839 | D:8      | Noticed Maggie
  7847 | D:8      | Killed Joseph
  7855 | D:8      | Killed Maggie
  7855 | D:8      | Received a gift from Okawaru
  8028 | D:8      | Found a staircase to the Lair.
  8073 | D:8      | Found a radiant altar of Vehumet.
  8219 | D:8      | Found a shimmering blue altar of Sif Muna.
  8316 | D:8      | Noticed Maurice
  8342 | D:8      | Killed Maurice
  8582 | D:9      | Reached skill level 5 in Fighting
  8582 | D:9      | Reached skill level 5 in Armour
  8892 | D:9      | Found a sacrificial altar of Ru.
  9052 | D:9      | Noticed Pikel
  9059 | D:9      | Killed Pikel
  9060 | D:9      | Reached XP level 11. HP: 88/91 MP: 11/13
  9800 | D:10     | Entered Level 10 of the Dungeon
  9800 | D:10     | Found a sparkling altar of Nemelex Xobeh.
  9800 | D:10     | Found a shadowy altar of Dithmenos.
  9800 | D:10     | Found a glowing golden altar of the Shining One.
  9820 | D:10     | Found a burning altar of Makhleb.
  9897 | Temple   | Entered the Ecumenical Temple
 10495 | Lair:1   | Entered Level 1 of the Lair of Beasts
 11198 | Lair:1   | Noticed a five-headed hydra
 11459 | D:10     | Found an opulent altar of Gozag.
 11685 | D:10     | Reached ****** piety under Okawaru
 11685 | D:10     | Received a gift from Okawaru
 11693 | D:10     | Reached skill level 1 in Evocations
 11960 | D:11     | Noticed a boulder beetle
 11981 | D:11     | Killed a boulder beetle
 12217 | D:11     | Noticed a two-headed ogre
 12225 | D:11     | Killed a two-headed ogre
 12303 | D:11     | Noticed a two-headed ogre
 12309 | D:11     | Killed a two-headed ogre
 12569 | D:11     | Reached XP level 12. HP: 103/103 MP: 12/15
 12838 | D:11     | Noticed an eight-headed hydra
 13154 | Lair:1   | Killed a five-headed hydra
 13757 | D:11     | Killed an eight-headed hydra
 14195 | D:12     | Identified the ring "Fips" {rF+ rCorr}
 14399 | D:12     | Noticed a boulder beetle
 14415 | D:12     | Killed a boulder beetle
 14550 | D:12     | Noticed a catoblepas
 14690 | D:12     | Noticed a stone giant
 14700 | D:12     | Killed a stone giant
 14829 | D:12     | Received a gift from Okawaru
 15140 | D:12     | Noticed a storm dragon
 15168 | D:12     | Noticed a centaur warrior
 15176 | D:12     | Killed a centaur warrior
 15554 | Lair:2   | Noticed Nergalle
 15567 | Lair:2   | Killed Nergalle
 15931 | Lair:2   | Reached XP level 13. HP: 111/112 MP: 15/17
 16196 | Lair:3   | Reached skill level 10 in Armour
 16409 | Lair:3   | Found a staircase to the Swamp.
 16471 | Lair:3   | Reached skill level 10 in Fighting
 16594 | Lair:3   | Found a runed translucent door.
 16607 | Lair:3   | Identified the +2 spear "Cetugg" {drain, Dex+3}
 16612 | Lair:3   | Noticed IBeShadow's ghost (journeyman TrMo)
 16774 | Lair:3   | Identified the +3 broad axe of Valour {vorpal, rF+}
                  | (Okawaru gifted it to you on level 3 of the Lair of Beasts)
 16774 | Lair:3   | Received a gift from Okawaru
 16782 | Lair:3   | Reached skill level 5 in Evocations
 17105 | Lair:3   | Found a hole to the Spider Nest.
 17614 | Lair:4   | Found a frozen archway.
 17633 | IceCv    | Entered an ice cave
 17634 | IceCv    | Found a transporter.
 17653 | IceCv    | Mangled by a polar bear simulacrum

Illustrated notes

Levels and vault maps discovered:
D:1:      dpeg_arrival_windows_large_door, layout_basic, st_stairs_8
D:2:      layout_loops_ring
D:3:      layout_basic, overflow_temple_1_default,
          hellmonk_ecumenical_altar_zigzags, serial_shops, shop, serial_glass,
          glass_columns_a, glass_columns_a, uniq_robin
D:4:      layout_loops_cross, nicolae_overflow_crystal_walls
D:5:      layout_basic, cheibrodos_ashenzari_chains
D:6:      layout_gridville, kennysheep_ying_yang, hangedman_decor_lopped,
          uniq_duvessa
D:7:      minmay_skewed_foursquare, layout_gridville,
          minmay_temple_entry_water_ring
D:8:      layout_loops_cross, kennysheep_orc_sif_temple, kennysheep_mini_moat,
          serial_shops, shop, nrook_mini_backslash,
          hangedman_abyss_or_decor_passed, minmay_misc_feat_doors, uniq_maurice,
          uniq_harold, uniq_joseph, uniq_maggie
D:9:      layout_basic, nicolae_ru_sacrificial_ziggurat, roderic_batcave,
          kennysheep_crisscross, uniq_pikel
D:10:     layout_basic, bloody_makhleb, mainiacjoe_overflow_alcove_1,
          chequers_temple_overflow_statue_of_worship
D:11:     layout_loops_ring, roderic_serpentine_path
D:12:     minmay_box_of_curves, layout_long_grid, minmay_increasing_density
Temple:   jpeg_temple_island
Lair:1:   layout_long_grid
Lair:2:   layout_cave_pods, uniq_nergalle
Lair:3:   layout_regular_city, swamp_mist_pool, spider_nest_entry_rubble,
          ebering_ghost_funeral_grove, serial_bayou_crossing,
          serial_bayou_shore_b
Lair:4:   layout_cave_pods, portal_ice_cave_entry_imps, ice2_lemuel
IceCv:    ice_cave_statue_garden_transporter

Skill      XL: |  1  2  3  4  5  6  7  8  9 10 11 12 13 |
---------------+----------------------------------------+-----
Shields        | 4 5 6 7 9 11 12 13 14 | 14.8
Long Blades    | 3 4 5 6 7 9 11 12 13 14 | 14.6
Invocations    | 1 3 4 5 7 8 |  8.0
Fighting       | 6 8 9 10 | 10.4
Armour         | 6 8 9 10 | 10.6
Evocations     | 2 4 5 |  5.4

Action                   |  1- 3 |  4- 6 |  7- 9 | 10-12 | 13-15 || total
-------------------------+-------+-------+-------+-------+-------++-------
Melee: Long sword        |    95 |   110 |   152 |   435 |   231 ||  1023
       Headbutt          |    21 |    19 |    42 |   138 |    56 ||   276
       Dagger            |       |       |       |    18 |       ||    18
Throw: Dart              |       |       |       |     3 |       ||     3
Invok: Heroism           |       |       |     3 |    16 |     3 ||    22
       Finesse           |       |       |       |       |     1 ||     1
  Use: Scroll            |       |    10 |     6 |     2 |     3 ||    21
       Potion            |       |       |     1 |       |       ||     1
 Stab: Sleeping          |       |       |       |     2 |     3 ||     5
Armor: Scale mail        |    33 |    33 |    15 |     3 |       ||    84
       Swamp dragon scal |       |       |       |    67 |       ||    67
       Chain mail        |       |       |       |     1 |       ||     1
       Shadow dragon sca |       |       |       |    17 |    76 ||    93
Dodge: Dodged            |    40 |    27 |    24 |    89 |    69 ||   249
Block: Kite shield       |    55 |   110 |   108 |   236 |   152 ||   661
       Reflection        |       |     4 |     4 |     1 |       ||     9
       Rpst.: Long sword |     8 |     8 |     5 |    17 |    10 ||    48
